 Dungeon Crawl Stone Soup version 0.32-a0-329-ge6c31236d6 (webtiles) character file.

Game seed: 5831360407457930674

399 voltaire321 the Chiller (level 6, -1/46 HPs)
             Began as a Demonspawn Ice Elementalist on Feb 16, 2024.
             Killed from afar by an orc wizard (8 damage)
             ... with a puff of flame
             ... on level 4 of the Dungeon.
             The game lasted 00:11:20 (3836 turns).

voltaire321 the Chiller (DsIE)                      Turns: 3836, Time: 00:11:21

Health: -1/46      AC:  6    Str:  9 (10) XL:     6   Next: 53%
Magic:  5/9        EV: 12    Int: 15 (16) God:
Gold:   198        SH:  0    Dex: 12 (13) Spells: 2/10 levels left

rFire   . . .        c - +2 short sword (protect)
rCold   . . .        (no shield)
rNeg    . . .        a - +0 robe
rPois   .            e - +0 hat
rElec   .            (no cloak)
rCorr   .            (no gloves)
SInv    .            (no boots)
Will    .....        v - amulet of regeneration
Stlth   +            d - +4 ring of protection
HPRegen 1.07/turn    (no ring)
MPRegen 0.22/turn

%: no passive effects
@: confused, mighty
A: powered by pain 2, magic regeneration
a: Convert to Beogh


You were on level 4 of the Dungeon.
You visited 1 branch of the dungeon, and saw 4 of its levels.

You collected 198 gold pieces.

Inventory:

Hand Weapons
 c - a +2 short sword of protection (weapon)
 r - a +1 dagger of venom
 u - a +0 rapier
Missiles
 t - a throwing net
Armour
 a - a +0 robe (worn)
 e - a +0 hat (worn)
 p - a +0 tower shield
Jewellery
 d - a +4 ring of protection (left hand)
 o - an amulet of guardian spirit
 v - an amulet of regeneration (around neck)
Scrolls
 f - a scroll of teleportation {unknown}
 g - a scroll of summoning {unknown}
 i - a scroll of identify {unknown}
 j - 2 scrolls of immolation {unknown}
 k - a scroll of noise {unknown}
 m - 2 scrolls of fear {unknown}
 q - a scroll of acquirement {unknown}
Potions
 b - a potion of magic
 h - 2 potions of brilliance {unknown}
 l - 2 potions of attraction {unknown}
 n - 2 potions of degeneration
 s - a potion of might


   Skills:
 * Level 2.7 Fighting
 + Level 1.9 Armour
 + Level 2.6 Dodging
 * Level 3.4 Stealth
 + Level 2.6 Spellcasting
 * Level 1.4 Conjurations
 * Level 4.2 Ice Magic
 * Level 1.2 Earth Magic


You had 2 spell levels left.
You knew the following spells:

 Your Spells              Type           Power      Damage    Failure   Level
a - Sandblast             Erth           10%        2d5       13%         1
b - Frozen Ramparts       Ice            28%        1d5       11%         3
c - Stone Arrow           Conj/Erth      12%        3d7       34%         3
d - Freeze                Ice            56%        1d7       3%          1

Your spell library contained the following spells:

 Spells                   Type           Power      Damage    Failure   Level
 Cigotuvi's Dreadful Rot  Necr/Alch/Air  2%         N/A       32%         2
 Ozocubu's Armour         Ice            14%        N/A       11%         3
 Summon Ice Beast         Ice/Summ       8%         N/A       26%         3
 Passwall                 Erth           5%         N/A       36%         3
 Brom's Barrelling Bould  Conj/Erth      6%         2d3       75%         4
 Dispel Undead            Necr           1%         3d6       91%         4
 Martyr's Knell           Necr/Summ      1%         N/A       91%         4
 Death Channel            Necr           0%         N/A       100%        6


Dungeon Overview and Level Annotations

Branches:
Dungeon (4/15)
 Temple: D:4-7

Altars:
Makhleb


Innate Abilities, Weirdness & Mutations

You sometimes gain power by taking damage.
You regenerate magic rapidly.


Message History

Aiming: Sandblast (safe; 12% risk of failure)
Press: ? - help, Q - select action, (/) - cycle Shift-Dir - straight line, f - orc priest, p - gnoll
Aim: an orc priest, wielding a +2 heavy hand axe (81% to hit)
The blast of sand hits the orc priest!
The orc priest is severely wounded.
The gnoll hits you but does no damage.
The orc priest looks braver for a moment.
The orc hits you from afar with a +0 trident.
Something hits you. The gnoll barely misses you.
The orc priest hits you with a +2 heavy hand axe.
Aiming: Sandblast (safe; 12% risk of failure)
Press: ? - help, Q - select action, (/) - cycle Shift-Dir - straight line, f/p - orc priest
Aim: an orc priest, wielding a +2 heavy hand axe (severely wounded, 81% to hit)
The blast of sand hits the orc priest.
The orc priest is almost dead.
The orc priest shouts, "Beogh offers mercy even to people such as you.
Join us and be reborn!"
Something hits you. The orc barely misses you.
The gnoll hits you with a +0 spear.
* * * LOW HITPOINT WARNING * * *
The orc priest hits you with a +2 heavy hand axe.
* * * LOW HITPOINT WARNING * * *
The orc barely misses you.
You hear some strange, mumbled words.
You are confused.
You're too confused to cast spells.
Unknown command.
The gnoll hits you but does no damage.
It was a potion of degeneration.
There was something very wrong with that liquid.
You feel weakened.
You feel dopey.
You feel clumsy. The gnoll barely misses you. Something completely misses you.
It was a potion of might.
You feel very mighty all of a sudden. The gnoll hits you but does no damage.
The orc priest threatens, "Beogh's wrath is as vast as their mercy.
Make your choice!" The orc priest barely misses you.
You hear some strange, mumbled words.
A puff of flame appears from out of thin air!
The puff of flame hits you!
You die...

................#
###......###.....#
##.###.# ##.#..#
#. #.# ...#..# #
#.##.###..#
##.#.......#
.....###..# #.##.#
#..# ##)##.###o@#
# #.......g{.#
#.##o.##.####o#
#..........o<.#
####..#.{.o.###
#..#(###.# #....#
#.#
########.#.###.#
.........#.....#


You could see an orc priest, a gnoll and an orc.

Vanquished Creatures
  A scorpion (D:4)
  2 iguanas
  9 adders
  6 gnolls
  A ribbon worm (D:2)
  A dart slug (D:1)
  7 orcs
  12 endoplasms
  3 giant cockroaches
  7 goblins
  3 hobgoblins
  7 kobolds
  5 quokkas
  3 ball pythons
  6 bats
  6 frilled lizards
  6 rats
85 creatures vanquished.

Notes
Turn   | Place    | Note
-------+----------+-------------------------------------------
     0 | D:1      | voltaire321 the Demonspawn Ice Elementalist began the quest
                  | for the Orb.
     0 | D:1      | Reached XP level 1. HP: 13/13 MP: 3/3
   182 | D:1      | Gained mutation: You sometimes gain a little power by
                  | taking damage. [demonic ancestry]
   182 | D:1      | Reached XP level 2. HP: 20/20 MP: 3/5
   362 | D:1      | Reached skill level 1 in Fighting
   371 | D:1      | Reached XP level 3. HP: 25/26 MP: 1/6
   379 | D:1      | Reached skill level 1 in Armour
   718 | D:2      | Found a burning altar of Makhleb.
   888 | D:2      | Found a faded altar of an unknown god.
  1176 | D:2      | Gained mutation: You regenerate magic rapidly. [demonic
                  | ancestry]
  1176 | D:2      | Reached XP level 4. HP: 32/32 MP: 4/7
  1794 | D:3      | Learned a level 3 spell: Frozen Ramparts
  1798 | D:3      | Learned a level 3 spell: Stone Arrow
  1829 | D:3      | Gained mutation: You sometimes gain power by taking damage.
                  | [demonic ancestry]
  1829 | D:3      | Reached XP level 5. HP: 30/38 MP: 2/8
  2256 | D:3      | Reached skill level 4 in Ice Magic
  2466 | D:3      | Reached skill level 1 in Conjurations
  2745 | D:4      | Reached skill level 1 in Earth Magic
  2745 | D:4      | Reached XP level 6. HP: 42/46 MP: 4/9
  3400 | D:4      | Learned a level 1 spell: Sandblast
  3836 | D:4      | Killed from afar by an orc wizard

Illustrated notes

Levels and vault maps discovered:
D:1:      saegor_arrival_simple_b, layout_rooms
D:2:      layout_loops_ring, basic_altar, ebering_ecumenical_altar_webs,
          corexii_leaking_fountain
D:3:      layout_basic, minmay_misc_feat_secret_circle,
          minmay_misc_feat_more_columns, minmay_joined_circles
D:4:      layout_loops_ring, mainiacjoe_overflow_catwalk, grunt_ministairs_10

Skill      XL: |  1  2  3  4  5 |
---------------+----------------+-----
Stealth        | 2 3 |  3.4
Fighting       | 1 2 |  2.7
Dodging        | 2 |  2.6
Armour         | 1 |  1.9
Ice Magic      | 4 |  4.2
Conjurations   | 1 |  1.4
Earth Magic    | 1 |  1.2
Spellcasting   | |  2.6

Action                     |  1- 3 |  4- 6 || total
---------------------------+-------+-------++-------
  Melee: Short sword       |    17 |   103 ||   120
         Falchion          |       |    10 ||    10
   Cast: Freeze            |    45 |    66 ||   111
         Sandblast         |       |    15 ||    15
    Use: Potion            |       |     2 ||     2
   Stab: Sleeping          |       |     4 ||     4
 Armour: Robe              |    28 |   114 ||   142
  Dodge: Dodged            |    34 |   121 ||   155

Table legend: (Time is in decaauts)
 A = Elapsed time spent in this place.
 B = Non-inter-level travel time spent in this place.
 C = Inter-level travel time spent in this place.
 D = Time resting spent in this place.
 E = Time spent auto-exploring this place.
 F = Levels seen in this place.
 G = Mean time per level.
                   A        B        C        D        E       F      G
               +--------+--------+--------+--------+--------+-----+--------+
         Total |   3848 |   3739 |    109 |   1358 |   1332 |   4 |  962.0 |
       Dungeon |   3848 |   3739 |    109 |   1358 |   1332 |   4 |  962.0 |
               +--------+--------+--------+--------+--------+-----+--------+

Top non-repeatable levels by time:
     D:3: 1667 daAuts
     D:2: 979 daAuts
     D:1: 809 daAuts
     D:4: 392 daAuts
